 Dungeon Crawl Stone Soup version 0.30-a0-141-g30f27751c5 (webtiles) character file.

Game seed: 515355022702666842

847 qw the Chopper (level 8, -9/48 HPs)
             Began as a Gargoyle Fighter on Sept 25, 2022.
             Mangled by Duvessa
             ... wielding a +1 short sword of venom
              (12 damage)
             ... on level 4 of the Dungeon.
             The game lasted 00:01:29 (4489 turns).

qw the Chopper (Gargoyle Fighter)                   Turns: 4489, Time: 00:01:29

Health: -9/48      AC: 15    Str: 29    XL:     8   Next: 1%
Magic:  8/8        EV:  9    Int:  8    God:
Gold:   267        SH:  4    Dex:  9    Spells: 7/7 levels left

rFire   . . .      SeeInvis .    Y - +0 war axe
rCold   . . .      Faith    .    c - +0 buckler
rNeg    + . .      Spirit   .    g - +0 chain mail
rPois   inf        Reflect  .    i - +0 helmet
rElec   +          Harm     .    (no cloak)
rCorr   .          Rampage  .    (no gloves)
Will    .....                    (no boots)
Stlth   ..........               (no amulet)
HPRegen 0.16/turn                j - +6 ring of strength
MPRegen 0.11/turn                (no ring)

@: no status effects
A: sickness immunity, AC +5, negative energy resistance 1, electricity
resistance, torment resistance 1, petrification resistance
a: no special abilities


You were on level 4 of the Dungeon.
You visited 1 branch of the dungeon, and saw 4 of its levels.

You collected 267 gold pieces.


Innate Abilities, Weirdness & Mutations

You are immune to sickness and miasma.
Your stone body is resilient. (AC +5)
You are immune to poison.
You resist negative energy. (rN+)
You are resistant to electric shocks. (rElec)
You are resistant to unholy torment.
You are immune to petrification.


   Skills:
 + Level 4.3 Fighting
 - Level 7.1 Axes
 - Level 3.2 Armour
 - Level 2.7 Dodging
 - Level 3.2 Shields


You had 7 spell levels left.
You didn't know any spells.
Your spell library was empty.

Inventory:

Hand Weapons
 b - a +6 flail
 Y - a +0 war axe (weapon)
Armour
 c - a +0 buckler (worn)
 g - a +0 chain mail (worn)
 i - a +0 helmet (worn)
 o - a +2 helmet
 s - a +2 tower shield
 v - a +0 cloak of stealth
Jewellery
 j - a +6 ring of strength (left hand)
Scrolls
 q - a scroll of enchant armour {unknown}
 t - 2 scrolls of identify
 u - a scroll of butterflies {unknown}
Potions
 a - a potion of degeneration {unknown}
 d - 3 potions of might
 e - a potion of brilliance {unknown}
 f - a potion of berserk rage {unknown}
 h - 2 potions of curing {unknown}
 k - a potion of haste
 l - a potion of mutation {unknown}
 m - a potion of heal wounds {unknown}
 n - a potion of lignification {unknown}
 p - a potion of resistance
 r - a potion of flight {unknown}

Dungeon Overview and Level Annotations

Branches:
Dungeon (4/15)
 Temple: D:4-7

Altars:
Cheibriados
Fedhas
Hepliaklqana
The Shining One

Shops:
D:2 =

Annotations:
D:4 1 runed translucent door, Crazy Yiuf, Duvessa


Message History

Edmund is heavily wounded.
Edmund hits you with a +2 flail of holy wrath.
You closely miss Edmund.
Edmund is heavily wounded.
Edmund closely misses you.
Edmund hits you with a +2 flail of holy wrath.
You barely miss Edmund.
Edmund is heavily wounded.
Edmund hits you but does no damage.
You barely miss Edmund.
Edmund is heavily wounded.
Edmund barely misses you.
You hit Edmund.
Edmund is severely wounded.
Edmund hits you with a +2 flail of holy wrath!
You barely miss Edmund.
Edmund is severely wounded.
Edmund barely misses you.
You barely miss Edmund.
Edmund is severely wounded.
Edmund barely misses you. You block Edmund's attack.
You slash Edmund!
You kill Edmund!
The adder bites you but does no damage.
Your Axes skill increases to level 7!
You slash the adder!
You kill the adder!
Duvessa misses you.
You have reached level 8!
You feel stronger.
You hit Duvessa.
Duvessa is lightly wounded.
Duvessa hits you with a +1 short sword of venom! x2
You hit Duvessa.
Duvessa is lightly wounded.
You block Duvessa's attack.
Duvessa hits you with a +1 short sword of venom!
You slash Duvessa!
Duvessa is moderately wounded.
Duvessa hits you with a +1 short sword of venom!
You die...

#### ...# #####
##<########## #...#
#.##..>....#######
###...###
##.##.##........@.#
#.......#
............#####e#
#........ ....#.....#.#
.# #.......#
##.#......#.# .#
###...###
...##....##.### .#
#...#
##.#..........#########
##.##
#...~.~.~........#~~#.#
#.#
#..~.~..~.~....~##~##.#
#.#
~~~~~~~~..~~.~~~~~~##.#
##.#


You could see Duvessa (berserk).

Vanquished Creatures
  Grinder (D:4)
  Sigmund (D:4)
  Edmund (D:4)
  A phantom (D:3)
  Dowan (D:4)
  A jelly (D:4)
  An iguana (D:4)
  An orc wizard (D:3)
  4 gnolls (D:4)
  4 adders
  An ufetubus (D:4)
  2 worms
  3 dart slugs
  11 orcs
  4 bats
  7 endoplasms
  3 giant cockroaches
  6 goblins
  5 hobgoblins
  4 jackals (D:1)
  2 kobolds
  4 quokkas
  3 ball pythons (D:1)
  7 frilled lizards
  4 rats
82 creatures vanquished.

Notes
Turn   | Place    | Note
-------+----------+-------------------------------------------
     0 | D:1      | qw the Gargoyle Fighter began the quest for the Orb.
     0 | D:1      | Reached XP level 1. HP: 14/14 MP: 1/1
     0 | D:1      | 0 ||| qw: Version: 0.2-a-10-g399e6c4
     0 | D:1      | 0 ||| qw: Game counter: 345
     0 | D:1      | 0 ||| qw: Always use a shield: true
     0 | D:1      | 0 ||| qw: God list: Okawaru
     0 | D:1      | 0 ||| qw: Allow faded altars: false
     0 | D:1      | 0 ||| qw: Do Orc after D:15 true
     0 | D:1      | 0 ||| qw: Do second Lair branch before Depths: true
     0 | D:1      | 0 ||| qw: Lair rune preference: random
     0 | D:1      | 0 ||| qw: Plans: Normal, Zot:1-4, God:TSO, Crypt, Tomb,
                  | Pan, Slime:5, Hells, Abyss, Orb
     0 | D:1      | 0 ||| PLANNING D:1-11
   166 | D:1      | Reached skill level 2 in Axes
   185 | D:1      | Reached XP level 2. HP: 18/19 MP: 2/2
   384 | D:1      | 384 ||| Stepping ~*~*~tactically~*~*~ (stealth).
   385 | D:1      | 385 ||| Stepping ~*~*~tactically~*~*~ (stealth).
   398 | D:1      | Reached skill level 3 in Axes
   538 | D:1      | Reached XP level 3. HP: 23/23 MP: 3/3
   691 | D:1      | 691 ||| UPGRADING to +0 chain mail.
   701 | D:1      | 701 ||| DROPPING +0 scale mail.
   702 | D:1      | 702 ||| UPGRADING to +0 helmet.
   707 | D:1      | 707 ||| UPGRADING to +6 ring of strength.
   708 | D:1      | 708 ||| READING 2 scrolls labelled FUPROO LECWEMO.
   709 | D:1      | 709 ||| READING scroll labelled PESTRINKU LONIMP.
   710 | D:1      | 710 ||| DRINKING 2 puce potions.
   711 | D:1      | 711 ||| DROPPING scroll of immolation.
   798 | D:2      | 798 ||| Stepping ~*~*~tactically~*~*~ (hiding).
   819 | D:2      | 819 ||| Stepping ~*~*~tactically~*~*~ (stealth).
   822 | D:2      | 822 ||| Stepping ~*~*~tactically~*~*~ (stealth).
  1115 | D:2      | 1115 ||| Stepping ~*~*~tactically~*~*~ (stealth).
  1116 | D:2      | 1116 ||| Stepping ~*~*~tactically~*~*~ (stealth).
  1224 | D:2      | Found a blossoming altar of Fedhas.
  1268 | D:2      | Found Zaptil's Jewellery Emporium.
  1290 | D:2      | 1290 ||| Stepping ~*~*~tactically~*~*~ (stealth).
  1291 | D:2      | 1291 ||| Stepping ~*~*~tactically~*~*~ (stealth).
  1293 | D:2      | Reached XP level 4. HP: 17/28 MP: 4/4
  1293 | D:2      | 1293 ||| FLEEEEING.
  1439 | D:2      | 1439 ||| DROPPING +0 club.
  1448 | D:2      | 1448 ||| SHOPLISTING +4 ring of evasion (396 gold, have
                  | 111).
  1448 | D:2      | 1448 ||| SHOPLISTING +4 ring of protection (396 gold, have
                  | 111).
  1448 | D:2      | 1448 ||| SHOPLISTING +6 ring of dexterity (396 gold, have
                  | 111).
  1448 | D:2      | 1448 ||| SHOPLISTING amulet "Momput" {Reflect +Blink SH+5}
                  | (484 gold, have 111).
  1448 | D:2      | 1448 ||| SHOPLISTING ring "Zeshreuj" {rElec rN+ Dex+6} (596
                  | gold, have 111).
  1448 | D:2      | 1448 ||| SHOPLISTING ring of ice (275 gold, have 111).
  1448 | D:2      | 1448 ||| SHOPLISTING ring of positive energy (220 gold,
                  | have 111).
  1448 | D:2      | 1448 ||| SHOPLISTING ring of the Thistle {Fly rC+ Will+
                  | Int+6 SInv} (680 gold, have 111).
  1456 | D:2      | Found a faded altar of an unknown god.
  1687 | D:2      | 1687 ||| DROPPING ring of wizardry.
  1688 | D:2      | 1688 ||| READING scroll labelled SAESIR NILA.
  1689 | D:2      | 1689 ||| READING scroll labelled KYDAW MYG.
  1711 | D:3      | 1711 ||| STAIRDANCE
  1785 | D:3      | 1785 ||| Stepping ~*~*~tactically~*~*~ (stealth).
  1797 | D:3      | Reached skill level 4 in Axes
  1797 | D:3      | 1797 ||| Stepping ~*~*~tactically~*~*~ (hiding).
  1863 | D:3      | 1863 ||| Stepping ~*~*~tactically~*~*~ (stealth).
  1920 | D:3      | Found a glowing golden altar of the Shining One.
  1934 | D:3      | Found a snail-covered altar of Cheibriados.
  1939 | D:3      | 1939 ||| READING scroll labelled KOWUM NYOQIJO.
  1940 | D:3      | 1940 ||| READING scroll labelled FENINU MISCH.
  1947 | D:3      | 1947 ||| Stepping randomly (stuck).
  1990 | D:3      | 1990 ||| Stepping randomly (stuck).
  1991 | D:3      | 1991 ||| Stepping randomly (stuck).
  2060 | D:3      | 2060 ||| Stepping ~*~*~tactically~*~*~ (hiding).
  2068 | D:3      | 2068 ||| FLEEEEING.
  2069 | D:3      | 2069 ||| FLEEEEING.
  2070 | D:3      | 2070 ||| FLEEEEING.
  2071 | D:3      | 2071 ||| FLEEEEING.
  2072 | D:3      | 2072 ||| FLEEEEING.
  2073 | D:3      | 2073 ||| FLEEEEING.
  2074 | D:3      | 2074 ||| STAIRDANCE
  2159 | D:2      | 2159 ||| DROPPING +6 ring of intelligence.
  2160 | D:2      | 2160 ||| READING scroll labelled ACKUOT ELAS.
  2163 | D:3      | 2163 ||| STAIRDANCE
  2203 | D:3      | 2203 ||| STAIRDANCE
  2208 | D:3      | 2208 ||| STAIRDANCE
  2220 | D:3      | Reached XP level 5. HP: 31/32 MP: 5/5
  2427 | D:3      | Noticed a phantom
  2439 | D:3      | Killed a phantom
  2440 | D:3      | Reached skill level 5 in Axes
  2568 | D:3      | 2568 ||| DRINKING 2 fuming grey potions.
  2655 | D:4      | Found a runed translucent door.
  2656 | D:4      | Noticed Crazy Yiuf
  2710 | D:4      | 2710 ||| Stepping ~*~*~tactically~*~*~ (stealth).
  2718 | D:4      | Reached XP level 6. HP: 32/38 MP: 6/6
  2793 | D:4      | 2793 ||| DROPPING +0 mace.
  3056 | D:4      | Noticed Dowan
  3057 | D:4      | Noticed Duvessa
  3063 | D:4      | Killed Dowan
  3063 | D:4      | HP: 8/38 [Duvessa/+1 short sword of venom (14)]
  3064 | D:4      | 3064 ||| READING scroll of teleportation.
  3437 | D:4      | Found a hazy altar of Hepliaklqana.
  3484 | D:4      | Noticed Sigmund
  3496 | D:4      | Killed Sigmund
  3497 | D:4      | Reached skill level 6 in Axes
  3497 | D:4      | Reached XP level 7. HP: 43/43 MP: 7/7
  3890 | D:4      | Noticed Grinder
  3898 | D:4      | Paralysed by Grinder for 2 turns
  3903 | D:4      | HP: 9/43 [Grinder (3)]
  3904 | D:4      | 3904 ||| READING scroll of teleportation.
  4241 | D:4      | 4241 ||| FLEEEEING.
  4263 | D:4      | 4263 ||| FLEEEEING.
  4263 | D:4      | Paralysed by Grinder for 5 turns
  4268 | D:4      | 4268 ||| Stepping ~*~*~tactically~*~*~ (hiding).
  4271 | D:4      | Killed Grinder
  4474 | D:4      | Noticed Edmund
  4485 | D:4      | Killed Edmund
  4486 | D:4      | Reached skill level 7 in Axes
  4487 | D:4      | Reached XP level 8. HP: 32/48 MP: 8/8
  4488 | D:4      | HP: 3/48 [Duvessa/+1 short sword of venom (11)]
  4489 | D:4      | Mangled by Duvessa

Levels and vault maps discovered:
D:1:      saegor_arrival_under_anarchy, layout_loops_ring
D:2:      layout_basic, serial_shops, shop, basic_altar,
          hellmonk_ecumenical_altar_defaced_shrine
D:3:      layout_rooms, mainiacjoe_overflow_large_starburst,
          corexii_leaking_fountain, minmay_bisected
D:4:      nicolae_cairo_tiling_very_big, layout_loops_corners,
          nzn_hepliaklqana_mist_gate, serial_rivers,
          chequers_serial_rivers_small_3, chequers_serial_rivers_room_b,
          chequers_serial_rivers_room_a, chequers_serial_rivers_large_a,
          chequers_serial_rivers_small_b, minmay_stone_trees_medium,
          uniq_crazy_yiuf_cottage, uniq_edmund, uniq_duvessa, uniq_grinder,
          uniq_sigmund

Skill      XL: |  1  2  3  4  5  6  7 |
---------------+----------------------+-----
Axes           | 2 3 4 5 6 7 |  7.1
Fighting       | 4 |  4.3
Dodging        | 2 |  2.7
Armour         | |  3.2
Shields        | |  3.2

Action                   |  1- 3 |  4- 6 |  7- 9 || total
-------------------------+-------+-------+-------++-------
Melee: War axe           |    88 |   113 |    58 ||   259
  Use: Scroll            |     2 |     6 |     1 ||     9
       Potion            |     1 |     1 |       ||     2
Armor: Scale mail        |    30 |       |       ||    30
       Chain mail        |    16 |    65 |    31 ||   112
Dodge: Dodged            |    46 |    32 |    14 ||    92
Block: Buckler           |    19 |    17 |     9 ||    45

Table legend:
 A = Non-vault XP
 B = Vault XP
 C = Vault XP percentage of total XP
 D = Non-vault monster count
 E = Vault monster count
 F = Vault count percentage of total count
                 A         B        C        D         E       F
            +---------+---------+-------+---------+---------+-------
      Total |     460 |     751 |  62.0 |      70 |      12 |  14.6
            +---------+---------+-------+---------+---------+-------
        D:1 |      35 |       0 |   0.0 |      20 |       0 |   0.0
        D:2 |      52 |       9 |  14.8 |      20 |       3 |  13.0
        D:3 |     185 |       9 |   4.6 |      17 |       5 |  22.7
        D:4 |     188 |     733 |  79.6 |      13 |       4 |  23.5
            +---------+---------+-------+---------+---------+-------
